 Dungeon Crawl Stone Soup version 0.24.0-13-gcf9b319 (webtiles) character file.

Game seed: 7989747818035433764, levelgen mode: deterministic

282 Fang the Skirmisher (level 6, 0/39 HPs)
             Began as a Gargoyle Fighter on Jan 2, 2020.
             Slain by a gnoll
             ... wielding a +0 spear
              (3 damage)
             ... on level 3 of the Dungeon.
             The game lasted 00:01:44 (1765 turns).

Fang the Skirmisher (Gargoyle Fighter)              Turns: 1765, Time: 00:01:45

Health: 0/39       AC: 11    Str: 27    XL:     6   Next: 28%
Magic:  6/6        EV:  8    Int:  8    God:
Gold:   132        SH: 10    Dex:  9    Spells: 5/5 levels left

rFire    . . .     SeeInvis .   a - +0 war axe
rCold    . . .     Gourm    .   B - +0 shield
rNeg     + . .     Faith    .   b - +0 scale mail
rPois    ∞         Spirit   .   (no helmet)
rElec    +         Reflect  .   (no cloak)
rCorr    .         Harm     .   (no gloves)
MR       .....                  (no boots)
Stlth    ..........             (no amulet)
HPRegen  0.13/turn              (no ring)
MPRegen  0.10/turn              (no ring)

@: mighty
A: negative energy resistance 1, electricity resistance, unbreathing,
petrification resistance, rot immunity, AC +4
a: no special abilities


You were on level 3 of the Dungeon.
You were not hungry.

You visited 1 branch of the dungeon, and saw 3 of its levels.

You collected 132 gold pieces.

Inventory:

Hand Weapons
 a - a +0 war axe (weapon)
Armour
 b - a +0 scale mail (worn)
 B - a +0 shield (worn)
Scrolls
 g - a scroll of remove curse {unknown}
 h - 3 scrolls of identify {unknown}
 i - 2 scrolls of enchant armour {unknown}
 j - 2 scrolls of magic mapping {unknown}
 l - a scroll of random uselessness {unknown}
 n - a scroll of amnesia {unknown}
 p - a scroll of blinking {unknown}
Potions
 e - 2 potions of cancellation {unknown}
 k - a potion of mutation {unknown}
 o - a potion of haste {unknown}
 q - 2 potions of degeneration {unknown}
 r - a potion of heal wounds {unknown}
Comestibles
 c - 3 rations
 f - 2 chunks of flesh


   Skills:
 + Level 4.7 Fighting
 + Level 3.2 Axes
 + Level 4.6 Armour
 + Level 4.6 Shields


You had 5 spell levels left.
You didn't know any spells.
Your spell library was empty.

Dungeon Overview and Level Annotations

Branches:
Dungeon (3/15)

Altars:
Qazlal
Yredelemnul


Innate Abilities, Weirdness & Mutations

You are resistant to torment.
Your stone body is resilient. (AC +4)
You are immune to poison.
You resist negative energy. (rN+)
You are resistant to electric shocks. (rElec)
You can survive without breathing.
You are immune to petrification.
You are immune to rotting.


Message History

You feel very mighty all of a sudden.
The wyvern skeleton bites you but does no damage.
You block the gnoll's attack. The wyvern skeleton bites you.
* * * LOW HITPOINT WARNING * * *
The gnoll hits you but does no damage.
You slash the wyvern skeleton!
The wyvern skeleton is almost destroyed.
You slash the gnoll!
You kill the gnoll!
You have reached level 6!
Your experience leads to an increase in your attributes!
Your base attributes are Str 21, Int 8, Dex 9.
Increase (S)trength, (I)ntelligence, or (D)exterity?
You feel stronger.
The wyvern skeleton bites you but does no damage.
You block the gnoll's attack.
You hit the wyvern skeleton.
You destroy the wyvern skeleton!
The gnoll hits you from afar with a +0 spear.
You die...

##### ##...## ##.....##
# #.......# #. #.......#
#..###########<......#
.......#.....##.....##
..........(...#.....##
.......@)........÷...#
........).......÷....#
.......g.............##.
....................#...
.................)....##
#...................###
.......#............#
.#..#.#####.........#
...........#


You could see a gnoll.

Vanquished Creatures
  A phantom (D:2)
  A wyvern skeleton (D:3)
  Terence (D:2)
  2 adders
  3 gnolls (D:3)
  An ooze (D:2)
  A worm (D:2)
  2 dart slugs (D:1)
  3 leopard geckos
  2 giant cockroaches
  5 goblins
  8 hobgoblins
  8 jackals (D:1)
  3 bats
  2 frilled lizards (D:1)
  9 kobolds
  5 rats
57 creatures vanquished.

Notes
Turn   | Place    | Note
-------+----------+-------------------------------------------
     0 | D:1      | Fang the Gargoyle Fighter began the quest for the Orb.
     0 | D:1      | Reached XP level 1. HP: 14/14 MP: 1/1
   150 | D:1      | Reached XP level 2. HP: 19/19 MP: 2/2
   239 | D:1      | Reached XP level 3. HP: 19/24 MP: 3/3
   844 | D:2      | Noticed Terence
   852 | D:2      | Killed Terence
   852 | D:2      | Reached XP level 4. HP: 22/29 MP: 4/4
  1208 | D:2      | Found a stormy altar of Qazlal.
  1261 | D:2      | Noticed a phantom
  1282 | D:2      | Killed a phantom
  1282 | D:2      | Reached XP level 5. HP: 30/34 MP: 5/5
  1521 | D:2      | Found a basalt altar of Yredelemnul.
  1521 | D:2      | Found a stormy altar of Qazlal.
  1764 | D:3      | Reached XP level 6. HP: 3/39 MP: 6/6
  1765 | D:3      | Slain by a gnoll

Levels and vault maps discovered:
D:1:      dpeg_arrival_lava_temple_mockup, layout_loops_ring
D:2:      layout_loops_ring, gammafunk_temple_overflow_wave,
          grunt_qazlal_clouds, uniq_terence
D:3:      layout_rooms, minmay_checkerbox, uniq_crazy_yiuf_cottage

Skill      XL: |  1  2  3  4  5 |
---------------+----------------+-----
Axes           | 2 3 |  3.2
Fighting       | 4 |  4.7
Armour         | 4 |  4.6
Shields        | 4 |  4.6

Action                   |  1- 3 |  4- 6 || total
-------------------------+-------+-------++-------
Melee: War axe           |   104 |    79 ||   183
  Use: Potion            |       |     1 ||     1
  Eat: Chunk             |       |     3 ||     3
Armor: Scale mail        |    91 |    57 ||   148
Dodge: Dodged            |    58 |    37 ||    95
Block: Shield            |    60 |    57 ||   117
